 Dungeon Crawl Stone Soup version 0.21.1-1-g345015f (webtiles) character file.

107 Fang the Skirmisher (level 4, 0/29 HPs)
             Began as a Gargoyle Berserker on May 5, 2018.
             Was a Believer of Trog.
             Slain by a goblin (1 damage)
             ... led by Robin
             ... on level 2 of the Dungeon.
             The game lasted 00:01:17 (1093 turns).

Fang the Skirmisher (Gargoyle Berserker)            Turns: 1093, Time: 00:01:18

Health: 0/29       AC:  5    Str: 21    XL:     4   Next: 85%
Magic:  4/4        EV: 12    Int:  8    God:    Trog [**....]
Gold:   57         SH:  0    Dex:  9    Spells: 3/3 levels left

rFire    . . .     SeeInvis .   a - +0 hand axe
rCold    . . .     Gourm    .   (no shield)
rNeg     + . .     Faith    .   b - +0 animal skin
rPois    ∞         Spirit   .   (no helmet)
rElec    +         Reflect  .   (no cloak)
rCorr    .         Harm     .   (no gloves)
MR       .....                  (no boots)
Stlth    +.........             (no amulet)
HPRegen  0.09/turn              (no ring)
MPRegen  0.09/turn              (no ring)

@: berserk cooldown, slowed, very slow
A: negative energy resistance 1, electricity resistance, unbreathing,
petrification resistance, rot immunity, AC +3
a: Berserk, Trog's Hand, Burn Spellbooks, Renounce Religion


You were on level 2 of the Dungeon.
You worshipped Trog.
Trog was pleased with you.
You were near starving.

You visited 1 branch of the dungeon, and saw 2 of its levels.

You collected 57 gold pieces.

Inventory:

Hand Weapons
 a - a +0 hand axe (weapon)
Armour
 b - a +0 animal skin (worn)
Jewellery
 i - an uncursed ring of ice {unknown}
Scrolls
 e - a scroll of teleportation {unknown}
 f - a scroll of amnesia {unknown}
 g - a scroll of identify {unknown}
 l - a scroll of random uselessness {unknown}
Potions
 d - a potion of curing {unknown}
 h - a potion of brilliance {unknown}
 j - a potion of flight {unknown}
 k - a potion of heal wounds {unknown}
Comestibles
 c - 4 rations


   Skills:
 + Level 4.2 Fighting
 + Level 3.8 Axes
 + Level 2.4 Armour
 + Level 2.2 Dodging
 + Level 0.5 Stealth


You had 3 spell levels left.
You didn't know any spells.

Dungeon Overview and Level Annotations

Branches:
Dungeon (2/15)

Altars:
Cheibriados
Qazlal

Annotations:
D:2 Natasha


Innate Abilities, Weirdness & Mutations

You are resistant to torment.
Your stone body is resilient. (AC +3)
You are immune to poison.
You resist negative energy. (rN+)
You are resistant to electric shocks. (rElec)
You can survive without breathing.
You are immune to petrification.
You are immune to rotting.


Message History

Trog appreciates your killing of a magic user.
Natasha screams in fury as she dies!
The white imp disappears in a puff of smoke!
The shadow imp disappears in a puff of smoke!
You feel a strong urge to attack something.
You are no longer berserk.
You are exhausted.
You feel as though you will be slow longer.
Natasha, Servant of Life and Death comes into view.
You see here a scroll labeled KOEMUSUCIL.
You see here a scroll labeled KOEMUSUCIL.
l - a scroll labeled KOEMUSUCIL Natasha casts a spell.
Natasha growls.
The white imp gestures at you. The puff of frost hits you!
* * * LOW HITPOINT WARNING * * *
The goblin hits you but does no damage. The goblin hits you.
You die...

.....## .. ......#
#.############ #..##.#
#.##.......... ...##.#
#.##...≈...≈.. #..##.#
##......≈≈≈...≈ #..##.#
#..#....≈§≈##.# #..##.#
#.###5..≈#≈§≈§≈
...##.#######†###h...≈≈_⌠≈#
...............†@....#≈>.≈#
..#.#......##.##.g...#§§≈§#
......####.##.##..g≈§# ≈###
#...................≈≈≈≈§
#[......##.##.##......≈..g
..##...†##.##.##..§.......
#÷#(.<...........##.......
.....#...#.#...### <######
......#........#


You could see Natasha, a white imp and 2 goblins.

Vanquished Creatures
  Terence (D:2)
  Natasha (D:2)
  An adder (D:2)
  A dart slug (D:1)
  8 bats
  5 giant cockroaches
  5 goblins
  4 hobgoblins
  2 jackals (D:1)
  5 kobolds
  A quokka (D:2)
  7 frilled lizards
  6 rats
47 creatures vanquished.

Notes
Turn   | Place    | Note
-------+----------+-------------------------------------------
     0 | D:1      | Fang the Gargoyle Berserker began the quest for the Orb.
     0 | D:1      | Reached XP level 1. HP: 14/14 MP: 1/1
    48 | D:1      | Found a snail-covered altar of Cheibriados.
    96 | D:1      | Reached XP level 2. HP: 18/19 MP: 2/2
   190 | D:1      | Reached XP level 3. HP: 18/24 MP: 3/3
   322 | D:1      | Reached ** piety under Trog
   681 | D:2      | Reached skill level 4 in Fighting
   847 | D:2      | Noticed Terence
   856 | D:2      | Killed Terence
   856 | D:2      | Reached XP level 4. HP: 27/29 MP: 4/4
  1068 | D:2      | Noticed Natasha
  1069 | D:2      | Found a stormy altar of Qazlal.
  1083 | D:2      | Killed Natasha
  1088 | D:2      | Noticed Natasha
  1092 | D:2      | HP: 1/29 [white imp/puff of frost[Natasha] (3)]
  1093 | D:2      | Slain by a goblin

Skill      XL: |  1  2  3 |
---------------+----------+-----
Axes           | 3 |  3.8
Fighting       | 4 |  4.2
Dodging        | 2 |  2.2
Armour         | |  2.4
Stealth        | |  0.5

Action                   |  1- 3 |  4- 6 || total
-------------------------+-------+-------++-------
Melee: Hand axe          |   103 |    27 ||   130
Invok: Berserk           |     1 |     1 ||     2
 Stab: Sleeping          |     1 |       ||     1
  Eat: Chunk             |       |     1 ||     1
Armor: Animal skin       |    37 |    17 ||    54
Dodge: Dodged            |    91 |    35 ||   126
